 Dungeon Crawl Stone Soup version 0.17-a0-1984-g55f5988 (webtiles) character file.

161 Hanibal the Cutter (level 5, 0/49 HPs)
             Began as a Kobold Berserker on Oct 6, 2015.
             Was a Priest of Trog.
             Slain by an iguana (2 damage)
             ... on level 4 of the Dungeon.
             The game lasted 00:05:47 (3622 turns).

Hanibal the Cutter (Kobold Berserker)               Turns: 3622, Time: 00:05:47

Health: 0/49       AC:  3    Str: 20    XL:     5   Next: 70%
Magic:  5/5        EV: 16    Int: 11    God:    Trog [***...]
Gold:   154        SH:  0    Dex: 17    Spells: 0 memorised, 4 levels left

rFire  . . .     SeeInvis .     k - +0 dagger (venom)
rCold  . . .     Clarity  .     b - +0 animal skin
rNeg   . . .     SustAt   .     (shield restricted)
rPois  +         Gourm    .     (no helmet)
rElec  .         Spirit   .     p - +0 cloak {rPois}
rCorr  +         Warding  .     (no gloves)
rMut   .         Stasis   .     (no boots)
MR     .....                    f - amulet of resist corrosion
Stlth  ..........               i - +6 ring of intelligence
                                o - ring of loudness (curse)

@: berserking, very quick, not resistant to hostile enchantments, extremely
unstealthy
A: carnivore 3
a: Burn Spellbooks, Berserk, Trog's Hand, Renounce Religion


You were on level 4 of the Dungeon.
You worshipped Trog.
Trog was most pleased with you.
You were not hungry.

You visited 1 branch of the dungeon, and saw 4 of its levels.

You collected 154 gold pieces.

Inventory:

Hand Weapons
 a - a +0 short sword
 k - a +0 dagger of venom (weapon)
Armour
 b - a +0 animal skin (worn)
 j - a +1 cloak
 p - a +0 cloak of poison resistance (worn)
Jewellery
 e - an uncursed ring of magical power
 f - an amulet of resist corrosion (around neck)
 i - a +6 ring of intelligence (right hand)
 o - a cursed ring of loudness (left hand)
 s - an uncursed ring of ice {unknown}
Scrolls
 m - a scroll of recharging
 n - a scroll of fog
 r - a scroll of immolation {unknown}
 t - a scroll of magic mapping {unknown}
 u - a scroll of remove curse {unknown}
Potions
 d - a potion of heal wounds {unknown}
 g - a potion of cancellation {unknown}
 h - 2 potions of resistance {unknown}
 l - 4 potions of curing {unknown}
 q - a potion of flight {unknown}
Comestibles
 c - 3 meat rations


   Skills:
 + Level 4.1 Fighting
 + Level 5.2 Short Blades
 + Level 2.2 Armour
 + Level 3.6 Dodging
 + Level 3.0 Stealth


You had 4 spell levels left.
You didn't know any spells.

Dungeon Overview and Level Annotations

Branches:
Dungeon (4/15)
 Temple: D:4-7

Altars:
Okawaru
Vehumet
Zin


Innate Abilities, Weirdness & Mutations

You are small and have problems with some larger weapons.
You are carnivorous and can eat meat at any time.


Message History

Found an escape hatch in the ceiling.
The iguana bites you.
You hit the iguana but do no damage.
The iguana is poisoned.
The iguana closely misses you.
Use which ability?
A red film seems to cover your vision as you go berserk!
You feel yourself moving faster!
You feel mighty!
You feel somewhat more hungry. The wyvern barely misses you.
The iguana bites you! The wyvern misses you.
You puncture the wyvern!
The wyvern is moderately wounded.
The wyvern bites you! The iguana bites you!
You hit the wyvern.
The wyvern is poisoned.
The wyvern is moderately wounded.
You closely miss the wyvern.
The wyvern is moderately wounded.
The wyvern bites you!
* * * LOW HITPOINT WARNING * * *
The iguana bites you.
You die...

####
##..##
#<...#
#....#
##.@l#
#.#l...#
#..#..###
#.##..#
#. .## #.
.# #< .#
.#


You could see a wyvern and an iguana.

Vanquished Creatures
  Crazy Yiuf (D:2)
  A worker ant (D:3)
  3 adders (D:2)
  3 worms (D:2)
  A giant gecko (D:1)
  3 orcs (D:3)
  2 ball pythons (D:1)
  8 bats
  6 giant cockroaches
  8 hobgoblins
  A quokka (D:3)
  3 giant newts
  8 goblins
  11 kobolds
  12 rats
71 creatures vanquished.

Notes
Turn   | Place    | Note
--------------------------------------------------------------
     0 | D:1      | Hanibal the Kobold Berserker began the quest for the Orb.
     0 | D:1      | Reached XP level 1. HP: 14/14 MP: 1/1
   459 | D:1      | Reached XP level 2. HP: 12/19 MP: 2/2
  1030 | D:1      | Reached XP level 3. HP: 23/23 MP: 3/3
  1241 | D:1      | Acquired Trog's second power
  1453 | D:1      | Reached skill level 1 in Stealth
  1669 | D:2      | Reached XP level 4. HP: 21/28 MP: 4/4
  1842 | D:2      | Found a radiant altar of Vehumet.
  1961 | D:2      | Found an iron altar of Okawaru.
  2057 | D:2      | Noticed Crazy Yiuf
  2307 | D:2      | Killed Crazy Yiuf
  2307 | D:2      | Reached skill level 5 in Short Blades
  2307 | D:2      | Reached XP level 5. HP: 30/33 MP: 5/5
  3578 | D:3      | Found a glowing silver altar of Zin.
  3578 | D:3      | Noticed an angel
  3616 | D:4      | Noticed a wyvern
  3622 | D:4      | HP: 2/49 [wyvern (13)]
  3622 | D:4      | Slain by an iguana

Vault maps used:
D:1:      dpeg_chamrin_arrival_tetris, minmay_bisected
D:2:      lemuel_doored_altar, okawaru_trees_1, first_bread, glass_columns_a,
          minmay_liquid_box, uniq_crazy_yiuf_cottage
D:3:      zin_angel

Action                   |  1- 3 |  4- 6 || total
-------------------------+-------+-------++-------
Melee: Short sword       |    60 |       ||    60
       Dagger            |    77 |   121 ||   198
Invok: Berserk           |     2 |     3 ||     5
  Use: Scroll            |     3 |     1 ||     4
 Stab: Sleeping          |     5 |     1 ||     6
  Eat: Chunk             |     9 |     7 ||    16
